 Dungeon Crawl Stone Soup version 0.19.4-8-ga85b6b9 (console) character file.

1232 Grinner the Insei (level 8, 54/54 HPs)
             Began as a Merfolk Transmuter on Feb 13, 2017.
             Got out of the dungeon alive.
             The game lasted 00:12:22 (4474 turns).

Grinner the Insei (Merfolk Transmuter)              Turns: 4474, Time: 00:12:23

Health: 54/54      AC:  8    Str: 13    XL:     8   Next: 48%
Magic:  14/14      EV: 15    Int: 15    God:
Gold:   197        SH:  0    Dex: 14    Spells: 3 memorised, 6 levels left

rFire  . . .     SeeInvis .     z - +1 trident
rCold  . . .     Gourm    .     b - +0 robe
rNeg   . . .     Faith    .     (no shield)
rPois  .         Spirit   .     (no helmet)
rElec  .         Reflect  .     m - +1 cloak
rCorr  .         Harm     .     (no gloves)
MR     .....                    (no boots)
Stlth  +.........               (no amulet)
                                j - +3 ring of intelligence
                                e - +4 ring of protection

@: no status effects
A: change form in water, swift swim, stealthy swim
a: no special abilities


You escaped.
You were not hungry.

You visited 2 branches of the dungeon, and saw 6 of its levels.

You collected 197 gold pieces.

Inventory:

Hand Weapons
 z - a +1 trident (weapon)
Missiles
 a - 43 arrows
Armour
 b - a +0 robe (worn)
 m - a +1 cloak (worn)
Jewellery
 e - a +4 ring of protection (left hand)
 i - a +3 ring of dexterity
 j - a +3 ring of intelligence (right hand)
Scrolls
 k - a scroll of fog
 p - a scroll of teleportation
Potions
 f - 4 potions of curing
 h - 3 potions of brilliance
 l - a potion of mutation {unknown}
 n - a potion of lignification {unknown}
 q - a potion of degeneration {unknown}
 s - a potion of invisibility {unknown}
 t - 2 potions of cancellation
 x - a potion of beneficial mutation
 A - a potion of ambrosia
Books
 c - a book of Changes

   Spells                             Type                      Level
   a - Beastly Appendage              Transmutation                1
   b - Sticks to Snakes               Transmutation                2
   c - Spider Form                    Transmutation/Poison         3
   d - Ice Form                       Ice/Transmutation            4
   e - Blade Hands                    Transmutation                5
Comestibles
 d - a bread ration
 g - a slice of pizza
 o - 5 meat rations
 v - a royal jelly


   Skills:
 - Level 1.1 Fighting
 * Level 4.5 Polearms
 + Level 5.9 Dodging
 - Level 6.8 Unarmed Combat
 + Level 4.4 Spellcasting
 + Level 6.5 Transmutations


You had 6 spell levels left.
You knew the following spells:

 Your Spells              Type           Power        Failure   Level  Hunger
s - Spider Form           Tmut/Pois      ##........   17%         3    ###....
x - Blade Hands           Tmut           ###.......   34%         5    ######.
z - Beastly Appendage     Tmut           ###...       1%          1    None


Dungeon Overview and Level Annotations

Branches:
Dungeon (5/15)             Temple (1/1) D:5

Altars:
Ashenzari
Cheibriados
Dithmenos
Elyvilon
Fedhas
Gozag
Kikubaaqudgha
Makhleb
Nemelex Xobeh
Qazlal
Ru
Trog
Uskayaw
Vehumet
Xom
Yredelemnul
Zin


Message History

You see here a leopard gecko corpse.
There is a stone staircase leading down here.
You see here a chain mail.
There is a stone staircase leading up here.
You climb upwards.
There is a stone staircase leading down here.
You see here a runed whip.
You see here a stone.
There is an open door here.
A rat comes into view.
The rat moves out of view.
You can't go up here!
The rat is too close now for your liking.
The rat barely misses you.
You puncture the rat!
You kill the rat!
Your legs become a tail as you enter the water.
There is a staircase leading out of the dungeon here.
Are you sure you want to leave the Dungeon?
This will make you lose the game!
You have escaped!

#.# #####'# ###.###
#.. ##≈...≈## ##.
##≈♣≈.≈♣≈## #.
#≈♣⌠♣≈♣⌠♣≈# ####.
##≈♣...♣≈## #....
##≈...≈## #.###
#≈...≈# #..#.
#≈.@.≈# #....
#≈...≈# #....
##≈...≈## ##....
##≈....♣≈## #....#
#≈.⌠.≈♣⌠♣≈# #....#
##≈.≈.≈♣≈## ##.##.#
##≈...≈## #..#...
###.##########.#...#
#............#...#


There were no monsters in sight!

Vanquished Creatures
  An ice beast (D:5)
  A necrophage (D:5)
  An ogre (D:4)
  A centaur (D:5)
  A big kobold (D:5)
  4 scorpions
  A crimson imp (D:5)
  The ghost of Grinner the Insei, a weakling SpTm (D:3)
  Crazy Yiuf (D:2)
  An orc priest (D:4)
  3 hounds
  Ijyb (D:2)
  2 worker ants
  2 orc wizards
  Natasha (twice) (D:4)
  A hound zombie (D:5)
  3 gnolls (D:4)
  5 adders
  3 shadow imps
  An ooze (D:1)
  An adder skeleton (D:5)
  4 worms (D:2)
  4 dart slugs
  3 leopard geckos
  5 orcs
  4 giant cockroaches
  7 goblins
  7 hobgoblins
  13 jackals
  3 quokkas
  2 ball pythons
  3 bats
  3 frilled lizards (D:1)
  11 kobolds
  12 rats
  A spectral orc (D:2)
119 creatures vanquished.

Vanquished Creatures (others)
  4 toadstools (D:1)
4 creatures vanquished.

Grand Total: 123 creatures vanquished

Notes
Turn   | Place    | Note
-------+----------+-------------------------------------------
     0 | D:1      | Grinner the Merfolk Transmuter began the quest for the Orb.
     0 | D:1      | Reached XP level 1. HP: 15/15 MP: 3/3
   103 | D:1      | Reached XP level 2. HP: 13/21 MP: 5/5
   490 | D:2      | Reached XP level 3. HP: 19/26 MP: 4/6
   867 | D:2      | Found a runed door.
   872 | D:2      | Noticed Crazy Yiuf
   880 | D:2      | Killed Crazy Yiuf
   880 | D:2      | Reached XP level 4. HP: 32/32 MP: 5/7
  1233 | D:2      | Noticed Ijyb
  1250 | D:2      | Killed Ijyb
  1250 | D:2      | Reached XP level 5. HP: 32/37 MP: 8/8
  1255 | D:2      | Learned a level 3 spell: Spider Form
  1261 | D:2      | Learned a level 5 spell: Blade Hands
  1357 | D:2      | Found a basalt altar of Yredelemnul.
  1915 | D:3      | Noticed Grinner's ghost (weakling SpTm)
  1928 | D:3      | Killed Grinner's ghost
  1928 | D:3      | Reached skill level 5 in Unarmed Combat
  2614 | D:4      | Reached XP level 6. HP: 40/43 MP: 6/10
  2851 | D:4      | Noticed Natasha
  2856 | D:4      | Killed Natasha
  2958 | D:4      | Reached XP level 7. HP: 48/48 MP: 8/12
  2988 | D:4      | Reached skill level 5 in Transmutations
  3126 | D:4      | Reached skill level 5 in Dodging
  3284 | D:4      | Noticed Natasha
  3289 | D:4      | Killed Natasha
  3326 | D:5      | Entered Level 5 of the Dungeon
  3666 | D:5      | Reached skill level 1 in Polearms
  3719 | D:5      | Reached XP level 8. HP: 36/54 MP: 13/13
  4123 | D:5      | Found a staircase to the Ecumenical Temple.
  4156 | Temple   | Entered the Ecumenical Temple
  4474 | D:$      | Got out of the dungeon alive.

Skill      XL: |  1  2  3  4  5  6  7  8 |
---------------+-------------------------+-----
Dodging        | 3 4 5 |  5.9
Transmutations | 3 4 5 6 |  6.5
Unarmed Combat | 4 5 6 |  6.8
Spellcasting   | 3 4 |  4.4
Polearms       | 2 4 |  4.5
Fighting       | |  1.1

Action                   |  1- 3 |  4- 6 |  7- 9 || total
-------------------------+-------+-------+-------++-------
Melee: Unarmed           |    64 |   215 |    96 ||   375
       Punch             |     2 |     3 |       ||     5
       Headbutt          |     4 |    16 |       ||    20
       Trident           |       |       |   124 ||   124
 Cast: Beastly Appendage |     3 |    17 |       ||    20
       Spider Form       |       |     4 |    10 ||    14
  Use: Scroll            |       |     6 |     6 ||    12
       Potion            |       |       |     2 ||     2
 Stab: Sleeping          |     1 |     3 |     1 ||     5
       Distracted        |       |       |     1 ||     1
  Eat: Chunk             |       |     7 |     7 ||    14
Armor: Robe              |    11 |    59 |    42 ||   112
       Skin              |       |     3 |    10 ||    13
Dodge: Dodged            |    29 |   142 |   231 ||   402
